 Dungeon Crawl Stone Soup version 0.21.1-1-g345015fe64 (webtiles) character file.

416 Norrik the Fighter (level 6, -7/63 HPs)
             Began as a Minotaur Monk on Mar 23, 2018.
             Mangled by a vampire (8 damage)
             ... on level 3 of the Dungeon on Mar 24, 2018.
             The game lasted 00:15:43 (2436 turns).

Norrik the Fighter (Minotaur Monk)                  Turns: 2436, Time: 00:15:44

Health: -7/63      AC:  5    Str: 18    XL:     6   Next: 60%
Magic:  5/5        EV:  8    Int:  7    God:
Gold:   110        SH:  6    Dex: 12    Spells: 5/5 levels left

rFire    . . .     SeeInvis .   o - +0 mace (curse)
rCold    . . .     Gourm    .   (no shield)
rNeg     . . .     Faith    .   q - +0 chain mail
rPois    .         Spirit   .   (helmet restricted)
rElec    .         Reflect  +   (no cloak)
rCorr    .         Harm     .   (no gloves)
MR       .....                  (no boots)
Stlth    ..........             m - +6 amulet of reflection
HPRegen  0.20/turn              j - -3 ring of protection (curse)
MPRegen  0.09/turn              (no ring)

@: no status effects
A: retaliatory headbutt, horns 2
a: no special abilities


You were on level 3 of the Dungeon.
You were very hungry.

You visited 1 branch of the dungeon, and saw 4 of its levels.

You collected 110 gold pieces.

Inventory:

Hand Weapons
 a - a +1 spear
 o - a cursed +0 mace (weapon)
Missiles
 f - 59 stones (quivered)
 i - 49 arrows
Armour
 q - a +0 chain mail (worn)
Jewellery
 j - a cursed -3 ring of protection (left hand)
 m - a +6 amulet of reflection (around neck)
Scrolls
 b - a scroll of identify
Potions
 e - a potion of magic
 g - 2 potions of curing
Comestibles
 c - 3 rations


   Skills:
 + Level 9.1 Fighting
 - Level 3.6 Polearms
 - Level 3.2 Dodging
 - Level 1.5 Stealth


You had 5 spell levels left.
You didn't know any spells.

Dungeon Overview and Level Annotations

Branches:
Dungeon (4/15)
 Temple: D:4-7

Altars:


Innate Abilities, Weirdness & Mutations

You reflexively headbutt those who attack you in melee.
You have a pair of horns on your head.


Message History

Something bites you!
* * * LOW HITPOINT WARNING * * *
Something draws strength from your injuries!
Something hits you but does no damage. Something bites you.
* * * LOW HITPOINT WARNING * * *
Something draws strength from your injuries!
You hear some strange, mumbled words.
You are confused.
You're too confused to move!
You feel less confused.
There is a stone staircase leading up here.
Something completely misses you. Something bites you.
* * * LOW HITPOINT WARNING * * *
Something draws strength from your injuries!
You climb upwards.
There is a stone staircase leading down here.
Something hits you!
* * * LOW HITPOINT WARNING * * *
Something bites you!
You die...

######## #.##.##.# #.. #......#
#.##.##.# #). #.####.# #.......#
#.. #.####.# ####...#####..
#.##...# ###........ #.##.#.#
################## #......#
#.........# #
####.#.########..#.#.#..# ##
##.............@.#.#.#..# #.
#...<.#.########>#...#..### #.
#.....#.# #.#........# #.
#.....#.########........#.# #.
##.....#.##..)..#........#.#####.
#......#.##.....#..#.##.##.......
#.#.#....##...<..รท.#.............
#[##..#####.....#.#..##.###......
##...######.....#.#.###.# ####...


There were no monsters in sight!

Vanquished Creatures
  Grinder (D:3)
  A crimson imp (D:3)
  An orc priest (D:2)
  A hound (D:4)
  4 adders
  2 oozes
  2 worms (D:2)
  2 dart slugs (D:2)
  5 leopard geckos
  9 orcs (D:3)
  2 ball pythons
  4 giant cockroaches (D:2)
  5 goblins
  5 hobgoblins
  4 jackals (D:3)
  A quokka (D:4)
  13 bats
  2 frilled lizards
  4 kobolds
  3 rats
71 creatures vanquished.

Notes
Turn   | Place    | Note
-------+----------+-------------------------------------------
     0 | D:1      | Norrik the Minotaur Monk began the quest for the Orb.
     0 | D:1      | Reached XP level 1. HP: 19/19 MP: 0/0
    87 | D:1      | Reached skill level 4 in Fighting
   154 | D:1      | Reached XP level 2. HP: 28/28 MP: 1/1
   479 | D:2      | Reached skill level 5 in Fighting
   479 | D:2      | Reached XP level 3. HP: 35/36 MP: 2/2
   978 | D:2      | Reached skill level 6 in Fighting
   978 | D:2      | Reached XP level 4. HP: 37/44 MP: 3/3
  1204 | D:3      | Noticed Grinder
  1209 | D:3      | Paralysed by Grinder for 3 turns
  1221 | D:3      | Paralysed by Grinder for 2 turns
  1225 | D:3      | Killed Grinder
  1225 | D:3      | Reached skill level 8 in Fighting
  1225 | D:3      | Reached XP level 5. HP: 18/53 MP: 4/4
  1319 | D:3      | Reached XP level 6. HP: 28/61 MP: 5/5
  2304 | D:4      | Noticed a vampire
  2310 | D:4      | Reached skill level 9 in Fighting
  2436 | D:3      | HP: 1/63 [something (10)]
  2436 | D:3      | Mangled by a vampire

Skill      XL: |  1  2  3  4  5  6 |
---------------+-------------------+-----
Fighting       | 4 5 6 8 9 |  9.1
Polearms       | |  3.6
Dodging        | |  3.2
Stealth        | |  1.5

Action                   |  1- 3 |  4- 6 || total
-------------------------+-------+-------++-------
Melee: Spear             |   118 |    63 ||   181
       Headbutt          |    16 |    26 ||    42
       Mace              |       |    44 ||    44
  Use: Scroll            |       |     9 ||     9
       Potion            |       |     1 ||     1
 Stab: Sleeping          |     4 |       ||     4
       Distracted        |     1 |       ||     1
  Eat: Chunk             |       |     4 ||     4
Armor: Robe              |    14 |     3 ||    17
       Chain mail        |       |    35 ||    35
Dodge: Dodged            |    46 |    55 ||   101
Block: Other             |       |     8 ||     8
